 Dungeon Crawl Stone Soup version 0.28-a0-691-gad6df49e81 (webtiles) character file.

Game seed: 6774080863641270230

193 sanka the Distorting Palentonga (level 5, -2/43 HPs)
             Began as a Palentonga Abyssal Knight on Oct 20, 2021.
             Was a Believer of Lugonu.
             Slain by Purgy (7 damage)
             ... in a sewer.
             The game lasted 00:05:07 (3506 turns).

sanka the Distorting Palentonga (PaAK)              Turns: 3506, Time: 00:05:08

Health: -2/43      AC:  8    Str: 17    XL:     5   Next: 44%
Magic:  9/9        EV:  7    Int: 10    God:    Lugonu [**....]
Gold:   162        SH:  0    Dex: 11    Spells: 4/4 levels left

rFire   . . .      SeeInvis +   b - +2 dagger (elec)
rCold   . . .      Faith    .   (no shield)
rNeg    . . .      Spirit   .   k - +0 leather armour
rPois   .          Reflect  .   (no helmet)
rElec   .          Harm     .   (no cloak)
rCorr   .          Rampage  .   (no gloves)
Will    .....                   h - +0 barding
Stlth   +.........              (no amulet)
HPRegen 0.14/turn               (no ring)
MPRegen 0.11/turn               (no ring)

@: no status effects
A: large, rugged brown scales 3, see invisible, deformed body, roll 1, armoured
tail
a: Rolling Charge, Renounce Religion, Depart the Abyss, Bend Space


You were in a sewer.
You worshipped Lugonu.
Lugonu was pleased with you.
You visited 1 branch of the dungeon, and saw 4 of its levels.
You visited the Abyss 1 time.
You also visited: Sewer.

You collected 162 gold pieces.


Innate Abilities, Weirdness & Mutations

You are completely covered in rugged brown scales. (AC +3, +7% HP)
You have supernaturally acute eyesight. (SInv)
Armour fits poorly on your strangely shaped body.
You can roll at nearby foes to attack.
You have a long armoured tail.


   Skills:
 - Level 3.0 Fighting
 - Level 2.0 Axes
 - Level 1.5 Armour
 - Level 0.7 Dodging
 + Level 6.2 Invocations


You had 4 spell levels left.
You didn't know any spells.
Your spell library contained the following spells:

 Spells                   Type           Power      Damage    Failure   Level
 Sting                    Tmut/Pois      0%         1d3       41%         1
 Poisonous Vapours        Pois/Air       0%         N/A       56%         2
 Sublimation of Blood     Necr           0%         N/A       56%         2
 Wereblood                Tmut           0%         N/A       56%         2
 Call Canine Familiar     Summ           0%         N/A       80%         3
 Portal Projectile        Hex/Tloc       0%         N/A       80%         3
 Leda's Liquefaction      Hex/Erth       0%         N/A       99%         4
 Olgreb's Toxic Radiance  Pois           0%         N/A       99%         4
 Summon Hydra             Summ           0%         N/A       100%        7

Inventory:

Hand Weapons
 a - a +0 war axe
 b - a +2 dagger of electrocution (weapon)
Armour
 h - a +0 barding (worn)
 k - a +0 leather armour (worn)
Scrolls
 c - 2 scrolls of silence {unknown}
 d - 3 scrolls of identify {unknown}
 i - a scroll of vulnerability {unknown}
Potions
 e - a potion of lignification {unknown}
 f - a potion of haste {unknown}
 g - a potion of resistance {unknown}
 l - a potion of mutation {unknown}

Dungeon Overview and Level Annotations

Branches:
Dungeon (4/15)              Sewer (1/1)
 Temple: D:4-7

Altars:

Annotations:
D:2 Sigmund Sewer Purgy

▒▒≈≈≈≈≈≈≈≈≈†.▒≈≈≈≈≈≈.≈≈≈
▒≈≈≈≈≈≈≈≈≈≈.▒▒▒▒≈≈≈≈▒≈≈
▒▒≈≈≈≈≈≈≈≈..▒▒ ▒▒∩∩▒▒
▒≈≈≈≈≈≈≈≈≈≈▒▒ ▒.▒▒
▒≈≈≈≈≈≈≈≈..▒ ▒▒▒
≈≈≈≈≈≈≈≈≈..▒
▒≈≈≈≈≈≈≈.▒▒▒ ▒▒≈≈≈≈≈≈▒▒
▒≈≈≈≈≈≈.H▒ ≈≈≈≈≈≈≈T▒▒
▒≈≈≈≈≈≈.▒ ≈≈≈≈≈≈≈≈≈
▒≈≈≈≈≈≈≈T ▒≈≈≈≈≈≈≈≈.
▒▒≈≈≈≈≈≈≈≈ ≈≈≈≈≈≈≈≈≈≈


You could see Purgy.


Message History

Purgy bites you. Purgy claws you but does no damage. Purgy claws you.
* * * LOW HITPOINT WARNING * * *
You miss Purgy.
Purgy is severely wounded.
Purgy bites you.
* * * LOW HITPOINT WARNING * * *
Purgy claws you.
* * * LOW HITPOINT WARNING * * *
Purgy claws you.
* * * LOW HITPOINT WARNING * * *
You completely miss Purgy.
Purgy is severely wounded.
Purgy bites you.
* * * LOW HITPOINT WARNING * * *
Purgy claws you but does no damage. Purgy claws you but does no damage.
You completely miss Purgy.
Purgy is severely wounded.
Purgy bites you but does no damage. Purgy claws you.
* * * LOW HITPOINT WARNING * * *
Purgy claws you.
* * * LOW HITPOINT WARNING * * *
Unknown command.
You closely miss Purgy.
Purgy is severely wounded.
Purgy bites you!
You die...

Action                   |  1- 3 |  4- 6 || total
-------------------------+-------+-------++-------
Melee: Hand axe          |    87 |    71 ||   158
       Tailslap          |     7 |    11 ||    18
       Dagger            |       |    65 ||    65
Invok: Depart the Abyss  |     1 |       ||     1
 Abil: Rolling Charge    |     7 |     4 ||    11
  Use: Potion            |       |     1 ||     1
 Stab: Sleeping          |       |     1 ||     1
Armor: Leather armour    |    37 |    98 ||   135
Dodge: Dodged            |    45 |    49 ||    94

Levels and vault maps discovered:
D:1:      nzn_arrival_water_spiral, layout_loops_ring, basic_ecumenical_altar
D:2:      layout_loops_ring, minmay_tromino_i2, uniq_sigmund
D:3:      layout_basic, corexii_hall_statues_x, kennysheep_decorative_pillar,
          patterned_corridor
D:4:      layout_loops_corners, minmay_temple_entry_antechambers,
          gammafunk_ghost_grave, cheibrodos_sewer_entry_bend
Sewer:    sewer_co_purgy_island

Notes
Turn   | Place    | Note
-------+----------+-------------------------------------------
     0 | Abyss:1  | sanka the Palentonga Abyssal Knight began the quest for the
                  | Orb.
     0 | Abyss:1  | Reached XP level 1. HP: 19/19 MP: 2/2
   176 | Abyss:1  | Noticed an efreet
   179 | D:1      | Escaped the Abyss
   432 | D:1      | Found a faded altar of an unknown god.
   454 | D:1      | Reached XP level 2. HP: 25/25 MP: 4/4
   459 | D:1      | Reached skill level 3 in Invocations
   507 | D:1      | Reached * piety under Lugonu
   994 | D:1      | Reached XP level 3. HP: 31/31 MP: 5/5
  1075 | D:2      | Reached skill level 4 in Invocations
  1642 | D:2      | Reached XP level 4. HP: 35/37 MP: 7/7
  1717 | D:2      | Noticed Sigmund
  2002 | D:2      | Reached skill level 5 in Invocations
  2148 | D:2      | Reached ** piety under Lugonu
  3079 | D:3      | Reached XP level 5. HP: 40/43 MP: 9/9
  3232 | D:3      | Reached skill level 6 in Invocations
  3377 | D:4      | Found a glowing drain.
  3453 | Sewer    | Entered a sewer
  3476 | Sewer    | Noticed Purgy
  3506 | Sewer    | Slain by Purgy

Vanquished Creatures
  8 adders
  3 gnolls
  2 worms (D:4)
  2 dart slugs
  6 orcs
  7 ball pythons
  5 bats
  8 endoplasms
  2 giant cockroaches
  2 goblins
  7 hobgoblins
  6 jackals (D:2)
  3 kobolds
  5 quokkas
  7 frilled lizards
  4 rats
77 creatures vanquished.
